[Event "Elegant 1st Division League 2024"]
[Site "Dhaka"]
[Date "2024.07.16"]
[Round "6.6"]
[White "Shatadru Shovan, Dey"]
[Black "Mirza Arifur, Rahman"]
[Result "1-0"]
[Annotator "NA RC"]
[ECO "E18"]
[WhiteElo "1879"]
[BlackElo "1823"]
[PlyCount "69"]
[EventDate "2024.07.10"]
[EventType "team-tourn"]
[EventCountry "BAN"]
[SourceTitle "playchess.com"]
[Source "ChessBase"]
[SourceQuality "1"]
[TimeControl "5400+30"]

1. d4 Nf6 2. c4 e6 3. Nc3 d5 4. Nf3 Be7 5. g3 Nbd7 6. Bg2 O-O 7. O-O b6 8. cxd5 exd5 9. Ne5 Bb7 10. Qa4 Nb8 11. Bg5 {[%emt 0:03:03] E18: Queen's Indian: Old Main Line (4 g3 Bb7 5 Bg2 Be7 6 0-0 0-0 7 Nc3).} c6 12. Rfe1 Ne4 13. Bf4 f6 14. Nd3 Nxc3 15. bxc3 Bd6 16. c4 dxc4 17. Qxc4+ Kh8 18. Rac1 Qd7 19. Bxd6 Qxd6 20. Nb4 Rc8 21. Rc2 a5 22. Nd3 Nd7 23. Rec1 b5 24. Qc3 $18 b4 25. Qb2 Rc7 26. Nc5 Nxc5 27. Rxc5 h6 28. h4 Rcc8 29. e3 Qd7 30. Kh2 Qd6 31. Qc2 Rcb8 32. Qg6 Qe6 33. Be4 Kg8 34. d5 cxd5 35. Rc7 1-0

[Event "Elegant 1st Division League 2024"]
[Site "Dhaka"]
[Date "2024.07.16"]
[Round "6.7"]
[White "Salim Mohammed, Salim Al Amri"]
[Black "S M Sharon"]
[Result "1-0"]
[Annotator "RC"]
[ECO "A22"]
[WhiteElo "1928"]
[BlackElo "2047"]
[PlyCount "133"]
[EventDate "2024.07.10"]
[EventType "team-tourn"]
[EventCountry "BAN"]
[SourceTitle "playchess.com"]
[Source "ChessBase"]
[SourceQuality "1"]
[TimeControl "5400+30"]

1. c4 e5 2. Nc3 Nf6 3. Nf3 d6 4. g3 c6 5. Bg2 Nbd7 6. O-O Be7 7. d3 Qc7 8. Bd2 Nf8 9. b4 Ng6 10. b5 h5 11. h4 Bd7 12. a4 Ng4 13. Qb3 c5 14. Nd5 Qd8 15. b6 axb6 16. Qxb6 Qxb6 17. Nxb6 Ra7 18. Rfb1 Bc6 19. a5 O-O 20. Nh2 Re8 21. Nxg4 hxg4 22. Be4 Bxe4 23. dxe4 Nf8 24. Rb3 Ne6 25. e3 g5 26. h5 Kg7 27. Kg2 Kh6 28. Rab1 Nc7 29. Nd5 Nxd5 30. exd5 Rea8 31. Rxb7 Kxh5 32. R1b6 f5 33. a6 Bf8 34. Rxa7 Rxa7 35. Rb8 Bh6 36. Rb6 Bf8 37. Ba5 Kg6 38. Rc6 f4 39. Bc7 Ra8 40. e4 Kf7 41. Bxd6 Bxd6 42. Rxd6 Ke7 43. Re6+ Kd7 44. gxf4 gxf4 45. Rg6 Kc7 46. Rc6+ Kd7 47. Kf1 Rh8 48. Kg2 g3 49. fxg3 Rg8 50. a7 Rxg3+ 51. Kf2 Ra3 52. Rh6 Kc7 53. Rh7+ Kb6 54. d6 Kc6 55. d7 Ra2+ 56. Kf3 Ra3+ 57. Kg4 Rg3+ 58. Kf5 Rg8 59. Kxe5 Rf8 60. Rf7 Rh8 61. Ke6 Rd8 62. Rxf4 Rh8 63. Ke7 Kc7 64. e5 Rh7+ 65. Rf7 Rh8 66. e6 Rd8 67. Rf8 1-0

[Event "Elegant 1st Division League 2024"]
[Site "Dhaka"]
[Date "2024.07.16"]
[Round "6.8"]
[White "Sacchu, Afzal Hossain"]
[Black "Islam, Obaidul Shahin"]
[Result "0-1"]
[Annotator "RC"]
[ECO "D13"]
[WhiteElo "1981"]
[BlackElo "1976"]
[PlyCount "99"]
[EventDate "2024.07.10"]
[EventType "team-tourn"]
[EventCountry "BAN"]
[SourceTitle "playchess.com"]
[Source "ChessBase"]
[SourceQuality "1"]
[TimeControl "5400+30"]

1. d4 d5 2. c4 c6 3. cxd5 cxd5 4. Nc3 Nf6 5. Bf4 e6 6. e3 Nc6 7. Bd3 Bd6 8. Bg3 O-O 9. Nf3 Re8 10. Ne5 Ne7 11. Rc1 a6 12. a3 b5 13. b4 Bb7 14. O-O Nc8 15. Bh4 Be7 16. Bxf6 Bxf6 17. a4 bxa4 18. Nxa4 Bxe5 19. dxe5 Ne7 20. Nc5 Qb6 21. Qg4 Bc6 22. Rc3 Ng6 23. Bxg6 hxg6 24. Rfc1 Bb5 25. Qd4 Bc4 26. Rb1 a5 27. b5 a4 28. Ra3 Ra5 29. Rxa4 Rxb5 30. Rxb5 Qxb5 31. Ra1 Rc8 32. Na4 Ra8 33. Qd1 Bb3 34. Nc3 Rxa1 35. Qxa1 Qd3 36. Qe1 g5 37. Ne2 Qe4 38. Qc3 Bc4 39. f3 Qb1+ 40. Kf2 Qa2 41. Kg1 Qb1+ 42. Nc1 Kh7 43. Kf2 Kg6 44. g4 f6 45. exf6 gxf6 46. Qd2 e5 47. Ne2 Bxe2 48. Qxe2 Qh1 49. Kg3 Qg1+ 50. Kh3 0-1

[Event "Elegant 1st Division League 2024"]
[Site "Dhaka"]
[Date "2024.07.16"]
[Round "6.9"]
[White "abu, Hanif"]
[Black "Islam, Sheik   Khairul"]
[Result "1/2-1/2"]
[Annotator "RC"]
[ECO "A84"]
[WhiteElo "2076"]
[BlackElo "1948"]
[PlyCount "74"]
[EventDate "2024.07.10"]
[EventType "team-tourn"]
[EventCountry "BAN"]
[SourceTitle "playchess.com"]
[Source "ChessBase"]
[SourceQuality "1"]
[TimeControl "5400+30"]

1. d4 c6 2. e3 d5 3. c4 e6 4. Nc3 f5 5. f4 Nf6 6. Nf3 Be7 7. Bd3 O-O 8. O-O Nbd7 9. Ng5 Nb8 10. Bd2 Qe8 11. c5 Bd8 12. b4 Bc7 13. Nf3 Nbd7 14. Ne5 Ne4 15. Nxe4 dxe4 16. Bc4 Nf6 17. Qb3 Nd5 18. a4 Bxe5 19. dxe5 Bd7 20. Rae1 a6 21. Bc3 Kh8 22. Bd4 Rg8 23. Rf2 Rd8 24. Rb2 g5 25. fxg5 Rxg5 26. b5 axb5 27. axb5 Rg7 28. bxc6 Bxc6 29. Bb5 Bxb5 30. Qxb5 Qg8 31. Qf1 Rf8 32. Reb1 f4 33. Rf2 Rgf7 34. Qe1 f3 35. Kh1 Qg4 36. gxf3 Rxf3 37. Rg2 Qh3 1/2-1/2

[Event "Elegant 1st Division League 2024"]
[Site "Dhaka"]
[Date "2024.07.16"]
[Round "6.10"]
[White "Faisal, Hossain"]
[Black "Ahmed, Feroz"]
[Result "1/2-1/2"]
[Annotator "NA"]
[ECO "B30"]
[WhiteElo "1872"]
[BlackElo "2042"]
[PlyCount "222"]
[EventDate "2024.07.10"]
[EventType "team-tourn"]
[EventCountry "BAN"]
[SourceTitle "playchess.com"]
[Source "ChessBase"]
[SourceQuality "1"]
[TimeControl "5400+30"]

1. e4 c5 2. Nf3 Nc6 3. Nc3 e6 4. Bb5 Nf6 5. O-O Be7 6. h3 {[%emt 0:00:40] B30: Sicilian: 2...Nc6 3 Bb5, lines without ...g6.} O-O 7. d4 cxd4 8. Nxd4 Qc7 9. Nxc6 bxc6 10. Bd3 d5 11. exd5 cxd5 12. Bg5 Rb8 13. Rb1 h6 14. Bh4 Rb4 15. Bg3 $1 e5 16. Re1 Bd6 17. Nb5 Rxb5 18. Bxb5 Bb7 19. Bd3 g6 (19... Re8 $16 {might work better.}) 20. Qe2 (20. Qd2 $18) 20... e4 21. Bxd6 Qxd6 22. Bb5 a6 23. Ba4 Nh5 (23... d4 $16) 24. Rbd1 Qe5 25. c3 f5 26. Qd2 f4 27. Bb3 Nf6 28. c4 dxc4 29. Bxc4+ Kh8 30. Qd6 Qe8 31. Qb6 Qc8 (31... Qe7 $142 32. Qd6 (32. Bxa6 Bd5 $18) 32... Qxd6 33. Rxd6 h5 34. Bxa6 Bxa6 35. Rxa6 Kh7) 32. Be6 Qa8 33. Rd6 e3 34. fxe3 f3 35. gxf3 Bxf3 36. Qd4 Qb8 37. Qb6 Ne4 38. Qd4+ Nf6 39. Rf1 (39. Rxa6 $2 {is a self mate.} Qg3+ 40. Kf1 Qg2#) 39... Qb7 40. Qf4 $18 (40. Rd8 $142 Rxd8 41. Qxf6+ (41. Qxd8+ Kg7 $18) 41... Kh7 42. Qxd8 h5 43. Qg8+ Kh6 44. Qf8+ Qg7 45. Qf4+ (45. Rxf3 Qxf8 46. Rxf8 a5 47. e4 a4 48. Bc4 h4 49. e5 Kg7 50. Rf7+ Kh6) (45. Qxg7+ Kxg7 46. Rxf3 Kh7 47. Rf7+ Kh6 48. e4 a5 49. e5 Kg5) (45. Qxf3 g5 $18) 45... g5 46. Qxf3) 40... Nh7 41. Qd4+ Nf6 42. Bd5 Bxd5 43. Rdxf6 Rxf6 44. Qxf6+ Kh7 45. b3 Qc7 46. Qf4 Qc2 47. e4 Qxe4 48. Qxe4 Bxe4 49. Rf7+ Kg8 50. Ra7 Bd3 51. Kf2 g5 52. Kg3 h5 53. a3 Kf8 54. b4 Be2 55. a4 h4+ 56. Kf2 Bc4 57. Rc7 Be6 58. Kg2 g4 59. hxg4 Bxg4 60. b5 axb5 61. axb5 Ke8 62. b6 Kd8 63. Kf2 Be6 64. Rc6 Bc8 65. Rc7 Be6 66. Rh7 Kc8 67. Rxh4 Kb7 68. Rb4 Bc8 69. Ke3 Kc6 70. Kd4 Ba6 71. Kc3 Bc8 72. Rc4+ Kb7 73. Rc7+ Kb8 74. Kb4 Bg4 75. Kc5 Bf3 76. Rf7 Bg2 77. Rg7 Bf3 78. Rf7 Bg2 79. Rf2 Be4 80. Rf7 Bg2 81. Ra7 Bf3 82. Ra3 Be4 83. Re3 Bg2 84. Re7 Bf3 85. b7 Ka7 86. b8=Q+ Kxb8 87. Rf7 Bg2 88. Kb6 Kc8 89. Kc5 Be4 90. Kd6 Kb8 91. Rc7 Bf3 92. Rc3 Bg2 93. Rb3+ Kc8 94. Rc3+ Kb8 95. Rc7 Bf3 96. Rf7 Bg2 97. Kc5 Kc8 98. Rf2 Be4 99. Kd6 Kb8 100. Kd7 Kb7 101. Rb2+ Ka6 102. Kd6 Bf3 103. Kc5 Ka7 104. Rf2 Be4 105. Rf4 Bg2 106. Rf7+ Kb8 107. Kb6 Kc8 108. Kc5 Kb8 109. Rf2 Be4 110. Kb6 Kc8 111. Rf4 Bg2 1/2-1/2

[Event "Elegant 1st Division League 2024"]
[Site "Dhaka"]
[Date "2024.07.16"]
[Round "6.11"]
[White "Md, Sariatullah"]
[Black "Shejal Sahil Sanjay"]
[Result "1/2-1/2"]
[Annotator "RC"]
[ECO "B05"]
[WhiteElo "2005"]
[BlackElo "1750"]
[PlyCount "139"]
[EventDate "2024.07.10"]
[EventType "team-tourn"]
[EventCountry "BAN"]
[SourceTitle "playchess.com"]
[Source "ChessBase"]
[SourceQuality "1"]
[TimeControl "5400+30"]

1. e4 Nf6 2. e5 Nd5 3. d4 d6 4. Nf3 Bg4 5. exd6 exd6 6. Be2 Be7 7. O-O O-O 8. c4 Nb6 9. Nc3 Nc6 10. b3 Bf6 11. Be3 Re8 12. Rc1 Ne7 13. h3 Bxf3 14. Bxf3 d5 15. g4 Bh4 16. Ne2 f5 17. Nf4 c6 18. c5 Nd7 19. Ng2 fxg4 20. Nxh4 gxf3 21. Qxf3 Ng6 22. Nxg6 hxg6 23. Qg4 Nf8 24. Bg5 Qd7 25. Qxd7 Nxd7 26. Rfe1 Kf7 27. f3 Nf8 28. Bf4 Ne6 29. Be5 g5 30. b4 a5 31. b5 cxb5 32. Rb1 Re7 33. a3 b4 34. axb4 axb4 35. Bd6 Rd7 36. Rxb4 Nd8 37. Reb1 Ra3 38. Kg2 Kg6 39. Bg3 Rf7 40. R4b3 Rxb3 41. Rxb3 Nc6 42. Bf2 Nd8 43. Re3 Nc6 44. Re6+ Rf6 45. Re1 Rf7 46. Be3 Re7 47. Kf2 Nb4 48. Rg1 Nd3+ 49. Ke2 Nf4+ 50. Kd2 Nxh3 51. Rg3 g4 52. Rxg4+ Kh5 53. Rg3 Kh4 54. Rg6 Rf7 55. Rd6 Rxf3 56. Rxd5 Rf7 57. Rd8 g5 58. d5 Nf4 59. Kc3 Kg4 60. Kc4 Kf3 61. Bd4 g4 62. Rg8 g3 63. c6 Nxd5 64. Kxd5 bxc6+ 65. Kxc6 Rf4 66. Kd5 Rxd4+ 67. Kxd4 g2 68. Kd3 Kf2 69. Rxg2+ Kxg2 70. Kd4 1/2-1/2

[Event "Elegant 1st Division League 2024"]
[Site "Dhaka"]
[Date "2024.07.16"]
[Round "6.14"]
[White "Shafiqul, Islam"]
[Black "Abdul, Momin"]
[Result "0-1"]
[Annotator "RC"]
[ECO "A13"]
[WhiteElo "1937"]
[BlackElo "1911"]
[PlyCount "68"]
[EventDate "2024.07.10"]
[EventType "team-tourn"]
[EventCountry "BAN"]
[SourceTitle "playchess.com"]
[Source "ChessBase"]
[SourceQuality "1"]
[TimeControl "5400+30"]

1. Nf3 Nf6 2. c4 e6 3. e3 b6 4. g3 Bb7 5. Bg2 d5 6. O-O Nbd7 7. b3 dxc4 8. bxc4 Be7 9. Bb2 h5 10. d4 Nf8 11. Nbd2 Ng6 12. Qa4+ Kf8 13. Ne5 Bxg2 14. Nxg6+ fxg6 15. Kxg2 h4 16. Qc6 Qc8 17. Nf3 hxg3 18. fxg3 Kg8 19. Ne5 Rh6 20. a4 a5 21. Ba3 Bxa3 22. Rxa3 g5 23. g4 Ra6 24. h3 b5 25. Qxb5 Qa8+ 26. Rf3 Rb6 27. Qc5 Rb2+ 28. Kg1 Rxh3 29. d5 Qb7 30. Ra1 Rb1+ 31. Rxb1 Qxb1+ 32. Rf1 Rg3+ 33. Kh2 Qxf1 34. e4 Qh3# 0-1

[Event "Elegant 1st Division League 2024"]
[Site "Dhaka"]
[Date "2024.07.16"]
[Round "6.15"]
[White "Bivor Adak"]
[Black "Soumyajit Das"]
[Result "1-0"]
[Annotator "RC"]
[ECO "B01"]
[WhiteElo "1967"]
[BlackElo "1850"]
[PlyCount "69"]
[EventDate "2024.07.10"]
[EventType "team-tourn"]
[EventCountry "BAN"]
[SourceTitle "playchess.com"]
[Source "ChessBase"]
[SourceQuality "1"]
[TimeControl "5400+30"]

1. e4 d5 2. exd5 Qxd5 3. Nc3 Qd8 4. Nf3 Nf6 5. d4 Bg4 6. h3 Bxf3 7. Qxf3 c6 8. Be3 e6 9. g4 Bb4 10. Bd3 Qd5 11. Qxd5 Nxd5 12. Bd2 Nd7 13. Nxd5 Bxd2+ 14. Kxd2 cxd5 15. f4 a6 16. a4 Ke7 17. a5 Kd6 18. b3 f6 19. Rhe1 e5 20. fxe5+ fxe5 21. Bf5 e4 22. c4 Nf6 23. cxd5 Kxd5 24. Rac1 g6 25. Rc5+ Kxd4 26. Rec1 e3+ 27. Ke2 Nd5 28. R1c4+ Ke5 29. Be4 Rad8 30. Rb4 h5 31. g5 Rh7 32. h4 Rg7 33. Bf3 Rd6 34. Rd4 Kf5 35. Rdxd5+ 1-0

[Event "Elegant 1st Division League 2024"]
[Site "Dhaka"]
[Date "2024.07.16"]
[Round "6.16"]
[White "Saparya Ghosh"]
[Black "Md Nurul Islam, Mahin"]
[Result "1/2-1/2"]
[Annotator "NA RC"]
[ECO "D35"]
[WhiteElo "1833"]
[BlackElo "1833"]
[PlyCount "104"]
[EventDate "2024.07.10"]
[EventType "team-tourn"]
[EventCountry "BAN"]
[SourceTitle "playchess.com"]
[Source "ChessBase"]
[SourceQuality "1"]
[TimeControl "5400+30"]

1. d4 d5 2. c4 e6 3. Nc3 Nf6 4. cxd5 exd5 5. Bg5 c6 6. e3 Qb6 7. Qb3 {[%emt 0:19:25] D35: Queen's Gambit Declined: Exchange Variation.} Qxb3 8. axb3 Nbd7 9. Bd3 Bb4 10. Nge2 b6 11. O-O Bd6 12. f3 O-O 13. e4 Bb4 14. e5 h6 15. Bh4 Nh7 16. Na2 Bd2 17. Bf2 Bg5 18. f4 Be7 19. Rfc1 Bb7 20. Nac3 Rfd8 21. h3 Nhf8 22. Bf5 g6 23. Bd3 a5 24. Ra2 c5 25. Na4 Rac8 26. Bb5 cxd4 27. Raa1 $11 ({But not} 27. Bxd4 Rxc1+ 28. Nxc1 Ne6 $15) (27. Rd1 $14) 27... Bc5 28. Bxd7 Nxd7 29. Bxd4 Bxd4+ 30. Nxd4 Rxc1+ 31. Rxc1 Rc8 32. Rxc8+ Bxc8 33. Kf2 Kf8 34. Ke3 Bb7 35. g3 Ke7 36. Kd3 Nc5+ 37. Ke3 Nd7 38. Kd2 h5 39. Ke3 Ke8 40. Nb5 Bc6 41. Nd6+ Kf8 42. Kd4 Bxa4 43. bxa4 Nc5 44. Kxd5 Nxa4 45. b3 Nc3+ 46. Kc4 Ne2 47. Ne4 Ke7 48. h4 Ke6 49. Kd3 Nc1+ 50. Kc2 Ne2 51. Kd3 Nc1+ 52. Kc2 Ne2 1/2-1/2

[Event "Elegant 1st Division League 2024"]
[Site "Dhaka"]
[Date "2024.07.16"]
[Round "6.17"]
[White "Bhosale Shriraj"]
[Black "Md, Eftekhar Alam"]
[Result "1-0"]
[Annotator "RC"]
[ECO "A07"]
[WhiteElo "2043"]
[BlackElo "2006"]
[PlyCount "76"]
[EventDate "2024.07.10"]
[EventType "team-tourn"]
[EventCountry "BAN"]
[SourceTitle "playchess.com"]
[Source "ChessBase"]
[SourceQuality "1"]
[TimeControl "5400+30"]

1. Nf3 d5 2. g3 c6 3. Bg2 Bf5 4. d3 Nf6 5. Nh4 Bg6 6. O-O e6 7. b3 Nbd7 8. Bb2 Be7 9. Nd2 O-O 10. Nxg6 hxg6 11. e4 dxe4 12. dxe4 e5 13. Qe2 Qc7 14. Rfd1 Rfe8 15. a4 Rad8 16. h4 Nc5 17. Nc4 Rxd1+ 18. Rxd1 Bf8 19. f3 Nh5 20. Kh2 f5 21. exf5 e4 22. f4 Nxf4 23. gxf4 Qxf4+ 24. Kg1 gxf5 25. Qh5 Re6 26. Rf1 Rh6 27. Qxf5 Qxf5 28. Rf2 Qf4 29. Rxf4 Rxh4 30. Rf5 b6 31. Bd4 Rh6 32. Bf2 g6 33. a5 Be7 34. Rg5 b5 35. Rg4 Nb7 36. Nd2 Nc5 37. Be3 g5 38. Rxe4 Nxe4 1-0

[Event "Elegant 1st Division League 2024"]
[Site "Dhaka"]
[Date "2024.07.16"]
[Round "6.18"]
[White "Mahindrakar Indrajeet"]
[Black "abzid, Rahman"]
[Result "1-0"]
[Annotator "RC"]
[ECO "B22"]
[WhiteElo "2129"]
[BlackElo "2037"]
[PlyCount "41"]
[EventDate "2024.07.10"]
[EventType "team-tourn"]
[EventCountry "BAN"]
[SourceTitle "playchess.com"]
[Source "ChessBase"]
[SourceQuality "1"]
[TimeControl "5400+30"]

1. e4 c5 2. c3 Nf6 3. e5 Nd5 4. g3 d6 5. exd6 Qxd6 6. Bg2 Nc6 7. Ne2 h5 8. Na3 Be6 9. d4 cxd4 10. Nb5 Qd7 11. Nexd4 Nxd4 12. Nxd4 Bh3 13. Bxh3 Qxh3 14. Qe2 Qg2 15. Qb5+ Kd8 16. Rf1 Qe4+ 17. Be3 Nxe3 18. fxe3 Qxe3+ 19. Ne2 Kc7 20. Rd1 Rd8 21. Qc4+ 1-0

[Event "Elegant 1st Division League 2024"]
[Site "Dhaka"]
[Date "2024.07.16"]
[Round "6.19"]
[White "Tajane Ganesh"]
[Black "Majumder Shrayan"]
[Result "0-1"]
[Annotator "RC"]
[ECO "C55"]
[WhiteElo "1772"]
[BlackElo "2083"]
[PlyCount "50"]
[EventDate "2024.07.10"]
[EventType "team-tourn"]
[EventCountry "BAN"]
[SourceTitle "playchess.com"]
[Source "ChessBase"]
[SourceQuality "1"]
[TimeControl "5400+30"]

1. e4 e5 2. Nf3 Nc6 3. Bc4 Nf6 4. d3 h6 5. c3 d6 6. Bb3 g6 7. h3 Bg7 8. Be3 Qe7 9. Qd2 Be6 10. Bxe6 Qxe6 11. c4 Nd7 12. Nc3 f5 13. Nd5 Rc8 14. g3 g5 15. exf5 Qxf5 16. Qe2 e4 17. dxe4 Qxe4 18. O-O O-O 19. Nd2 Qe6 20. Kg2 Nd4 21. Qd3 Nc5 22. Qb1 c6 23. Nc3 b5 24. b4 Nf5 25. Qc2 Qxe3 0-1

[Event "Elegant 1st Division League 2024"]
[Site "Dhaka"]
[Date "2024.07.16"]
[Round "6.20"]
[White "Md, Azmaeen Parvez Sayor"]
[Black "Bhuiyan, Golam Mostafa"]
[Result "1/2-1/2"]
[Annotator "RC"]
[ECO "B85"]
[WhiteElo "1969"]
[BlackElo "2078"]
[PlyCount "36"]
[EventDate "2024.07.10"]
[EventType "team-tourn"]
[EventCountry "BAN"]
[SourceTitle "playchess.com"]
[Source "ChessBase"]
[SourceQuality "1"]
[TimeControl "5400+30"]

1. e4 c5 2. Nf3 d6 3. d4 cxd4 4. Nxd4 Nf6 5. Nc3 a6 6. Be2 e6 7. a4 Nc6 8. Be3 Qc7 9. O-O Be7 10. f4 O-O 11. Nb3 b6 12. Bf3 Rb8 13. Qe2 Nd7 14. Rad1 Nc5 15. Nd4 Bd7 16. b3 b5 17. axb5 Nxd4 18. Bxd4 axb5 1/2-1/2

[Event "Elegant 1st Division League 2024"]
[Site "Dhaka"]
[Date "2024.07.16"]
[Round "6.21"]
[White "Mohammad, Shameem"]
[Black "Sajib, Das"]
[Result "1/2-1/2"]
[Annotator "ChessBase"]
[ECO "E01"]
[WhiteElo "1951"]
[BlackElo "1894"]
[PlyCount "134"]
[EventDate "2024.07.10"]
[EventType "team-tourn"]
[EventCountry "BAN"]
[SourceTitle "playchess.com"]
[Source "ChessBase"]
[SourceQuality "1"]
[TimeControl "5400+30"]

1. d4 d5 2. g3 e6 3. c4 Nf6 4. Bg2 c6 5. Nf3 a6 6. O-O dxc4 7. Ne5 Nbd7 8. Nxc4 Be7 9. Bf4 O-O 10. Nc3 Nd5 11. Bd6 Bxd6 12. Nxd6 N7f6 13. Nxc8 Nxc3 14. bxc3 Qxc8 15. Qb3 Qc7 16. Rab1 b5 17. a4 Rab8 18. e4 Rfd8 19. Rfd1 h5 20. h4 Qe7 21. e5 Nd5 22. axb5 cxb5 23. Ra1 Rb6 24. c4 bxc4 25. Qxc4 Qb7 26. Rdc1 Rb5 27. Bxd5 Rdxd5 28. Qc8+ Kh7 29. Qxb7 Rxb7 30. Rxa6 Rxd4 31. Rac6 Rb5 32. R6c5 Rd5 33. Rxb5 Rxb5 34. Rc7 Kg6 35. f4 Rb2 36. Kf1 f6 37. exf6 gxf6 38. Rc5 Rd2 39. Rb5 Rd5 40. Rb8 Kf5 41. Kf2 Rd3 42. Rb7 e5 43. fxe5 fxe5 44. Rh7 Ke4 45. Rxh5 Rd2+ 46. Ke1 Rg2 47. Rg5 Rh2 48. Kf1 Kd4 49. Kg1 Ra2 50. Rg8 e4 51. Rd8+ Ke3 52. Rf8 Kd3 53. Rd8+ Ke3 54. Rf8 Kd3 55. Rd8+ Ke2 56. Kg2 Ke1+ 57. Kh3 e3 58. h5 e2 59. Re8 Ra5 60. g4 Kf2 61. Rf8+ Ke3 62. Re8+ Kf3 63. Kh4 Ra4 64. Rxe2 Rxg4+ 65. Kh3 Rg5 66. Kh4 Rxh5+ 67. Kxh5 Kxe2 1/2-1/2

[Event "Elegant 1st Division League 2024"]
[Site "Dhaka"]
[Date "2024.07.16"]
[Round "6.22"]
[White "Mohammad, Shakil"]
[Black "Vrashank Chouhan"]
[Result "1/2-1/2"]
[Annotator "RC"]
[ECO "D36"]
[WhiteElo "1882"]
[BlackElo "2209"]
[PlyCount "106"]
[EventDate "2024.07.10"]
[EventType "team-tourn"]
[EventCountry "BAN"]
[SourceTitle "playchess.com"]
[Source "ChessBase"]
[SourceQuality "1"]
[TimeControl "5400+30"]

1. d4 Nf6 2. c4 e6 3. Nc3 d5 4. cxd5 exd5 5. Bg5 Be7 6. e3 O-O 7. Bd3 c6 8. Qc2 h6 9. Bh4 a5 10. Nge2 Na6 11. a3 Re8 12. O-O Nc7 13. f3 Ne6 14. Kh1 b5 15. Bf2 Bb7 16. e4 dxe4 17. fxe4 Rc8 18. e5 Ng4 19. Bg1 b4 20. axb4 axb4 21. Bh7+ Kh8 22. Rxf7 bxc3 23. Bf5 Ng5 24. Rxe7 Qxe7 25. Bxg4 cxb2 26. Qxb2 Ra8 27. Nf4 Kg8 28. h4 Ne4 29. Qb3+ Qf7 30. Rxa8 Bxa8 31. Be6 Rxe6 32. Qxe6 Qxe6 33. Nxe6 Kf7 34. Nf4 g5 35. hxg5 hxg5 36. Nd3 Bb7 37. Be3 Ke6 38. Nb4 c5 39. dxc5 Kxe5 40. Kg1 g4 41. Kf1 Ng3+ 42. Kf2 Ne4+ 43. Ke1 Nxc5 44. Bxc5 Bxg2 45. Kf2 Bf3 46. Ba7 Kf4 47. Bb8+ Ke4 48. Nc2 Bd1 49. Ne1 Bf3 50. Bc7 Bd1 51. Bb6 Bf3 52. Be3 g3+ 53. Kxg3 Kxe3 1/2-1/2

[Event "Elegant 1st Division League 2024"]
[Site "Dhaka"]
[Date "2024.07.16"]
[Round "6.23"]
[White "Tutul, Dhar"]
[Black "Hrishin, Talukder"]
[Result "0-1"]
[Annotator "RC"]
[ECO "A57"]
[WhiteElo "2008"]
[BlackElo "1982"]
[PlyCount "68"]
[EventDate "2024.07.10"]
[EventType "team-tourn"]
[EventCountry "BAN"]
[SourceTitle "playchess.com"]
[Source "ChessBase"]
[SourceQuality "1"]
[TimeControl "5400+30"]

1. d4 Nf6 2. c4 c5 3. d5 b5 4. cxb5 a6 5. Nc3 axb5 6. Nxb5 Bb7 7. Nc3 e6 8. dxe6 fxe6 9. Bf4 d5 10. e3 Bd6 11. Bg3 Nc6 12. Qb3 Rb8 13. Nf3 O-O 14. Nb5 c4 15. Qc2 Qa5+ 16. Nc3 Bxg3 17. hxg3 Ne4 18. Bxc4 Nb4 19. Qb1 dxc4 20. Nxe4 Nd3+ 21. Ke2 Bxe4 22. b3 Nf4+ 23. gxf4 Bxb1 24. Rhxb1 Rfd8 25. Nd4 Qh5+ 26. f3 Rxd4 27. exd4 Qf5 28. b4 Qd3+ 29. Kf2 Qxd4+ 30. Kg3 e5 31. fxe5 Rb6 32. f4 Qe3+ 33. Kg4 Rg6+ 34. Kh5 Qe2+ 0-1

[Event "Elegant 1st Division League 2024"]
[Site "Dhaka"]
[Date "2024.07.16"]
[Round "6.24"]
[White "Mohammed, Shaker Ullah"]
[Black "Jamal Uddin"]
[Result "1-0"]
[Annotator "RC"]
[ECO "B66"]
[WhiteElo "2018"]
[BlackElo "1963"]
[PlyCount "187"]
[EventDate "2024.07.10"]
[EventType "team-tourn"]
[EventCountry "BAN"]
[SourceTitle "playchess.com"]
[Source "ChessBase"]
[SourceQuality "1"]
[TimeControl "5400+30"]

1. e4 c5 2. Nf3 Nc6 3. d4 cxd4 4. Nxd4 Nf6 5. Nc3 d6 6. Bg5 e6 7. Qd2 Be7 8. O-O-O a6 9. Nxc6 bxc6 10. f4 d5 11. exd5 cxd5 12. f5 O-O 13. fxe6 fxe6 14. Be2 Qb6 15. Be3 Qc7 16. Bf4 Qa5 17. Bf3 Bb4 18. a3 Bxa3 19. Nxd5 Qxd2+ 20. Rxd2 Bxb2+ 21. Kxb2 exd5 22. Bd6 Re8 23. Rxd5 Bb7 24. Re5 Bxf3 25. gxf3 Red8 26. Rd1 Rd7 27. c4 Rad8 28. c5 Kf7 29. f4 Rc8 30. Rde1 Ne8 31. Rf5+ Nf6 32. Rfe5 Ne8 33. Rf5+ Nf6 34. Ra1 Rc6 35. Re1 Rc8 36. Ka3 Rb7 37. h3 h6 38. Rg1 g6 39. Re5 Ne8 40. Rd1 Rc6 41. Ka4 Nxd6 42. cxd6 Rd7 43. Red5 Ke6 44. Re5+ Kf6 45. Red5 Ke6 46. Re5+ Kf6 47. Red5 Rc4+ 48. Ka5 Rxf4 49. Kxa6 Rb4 50. Re1 g5 51. Rd3 h5 52. Rf3+ Rf4 53. Rd3 g4 54. hxg4 hxg4 55. Kb6 Rc4 56. Re2 Kf5 57. Re8 Kf4 58. Re7 Rxe7 59. dxe7 Re4 60. Rd4 Rxd4 61. e8=Q g3 62. Qf7+ Ke4 63. Kc5 Rd3 64. Qg6+ Ke3 65. Qxg3+ Kd2 66. Qf4+ Kc3 67. Qb4+ Kc2 68. Kc4 Re3 69. Qa4+ Kb2 70. Qb5+ Kc2 71. Qf5+ Kd2 72. Kd4 Re2 73. Qa5+ Kc1 74. Qa1+ Kd2 75. Qc3+ Kd1 76. Qb3+ Kd2 77. Qb4+ Kc2 78. Qa4+ Kd2 79. Qa5+ Kc2 80. Qc3+ Kd1 81. Qb3+ Kd2 82. Qb1 Rf2 83. Qd3+ Ke1 84. Qc3+ Ke2 85. Ke4 Kf1 86. Ke3 Re2+ 87. Kd3 Rf2 88. Qa1+ Kg2 89. Qa7 Kh1 90. Ke3 Rg2 91. Kf3 Rg3+ 92. Kf2 Rg2+ 93. Kf1 Ra2 94. Qg1# 1-0

[Event "Elegant 1st Division League 2024"]
[Site "Dhaka"]
[Date "2024.07.17"]
[Round "7.1"]
[White "Sajib, Das"]
[Black "Hossain, Showkat Pollab"]
[Result "1-0"]
[Annotator "RC"]
[ECO "C00"]
[WhiteElo "1894"]
[BlackElo "1990"]
[PlyCount "69"]
[EventDate "2024.07.10"]
[EventType "team-tourn"]
[EventCountry "BAN"]
[SourceTitle "playchess.com"]
[Source "ChessBase"]
[SourceQuality "1"]
[TimeControl "5400+30"]

1. e4 c5 2. Nf3 Nc6 3. g3 Nf6 4. d3 d5 5. Nbd2 e6 6. Bg2 Be7 7. O-O O-O 8. Re1 b5 9. e5 Nd7 10. Nf1 Bb7 11. h4 Rc8 12. c3 a5 13. h5 b4 14. Bf4 Ra8 15. N1h2 a4 16. a3 Nb6 17. Ng4 Bc8 18. Qd2 f5 19. exf6 gxf6 20. Nh6+ Kh8 21. g4 e5 22. Bg3 bxc3 23. bxc3 c4 24. d4 e4 25. Nh4 Bd6 26. N6f5 Bxf5 27. Bxd6 Qxd6 28. Nxf5 Qd7 29. Rab1 Nc8 30. Qh6 Rf7 31. f3 exf3 32. Rb7 N8e7 33. Rxd7 Nxf5 34. gxf5 Rxd7 35. Qxf6+ 1-0

[Event "Elegant 1st Division League 2024"]
[Site "Dhaka"]
[Date "2024.07.17"]
[Round "7.2"]
[White "Ahmed, Mahtabuddin"]
[Black "Hrishin, Talukder"]
[Result "1/2-1/2"]
[Annotator "RC"]
[ECO "A13"]
[WhiteElo "1974"]
[BlackElo "1982"]
[PlyCount "46"]
[EventDate "2024.07.10"]
[EventType "team-tourn"]
[EventCountry "BAN"]
[SourceTitle "playchess.com"]
[Source "ChessBase"]
[SourceQuality "1"]
[TimeControl "5400+30"]

1. c4 e6 2. Nf3 b6 3. g3 Bb7 4. Bg2 f5 5. Nc3 Bb4 6. a3 Bxc3 7. dxc3 a5 8. a4 Nf6 9. b3 O-O 10. O-O Qe7 11. Bg5 d6 12. Nd4 Bxg2 13. Kxg2 h6 14. Bxf6 Rxf6 15. Qc2 Na6 16. e4 Raf8 17. exf5 exf5 18. Rfe1 Qd7 19. f4 g6 20. Rad1 Nc5 21. Kg1 R6f7 22. Re3 Re8 23. Rde1 Rfe7 1/2-1/2